 Dungeon Crawl Stone Soup version 0.28.0-53-g5a82cb258f (webtiles) character file.

Game seed: 705554257362381601

10258 mcbry74 the Cleaver (level 11, -10/82 HPs)
             Began as a Hill Orc Fighter on June 24, 2022.
             Was an Elder of Trog.
             Killed from afar by an ice dragon (45 damage)
             ... with a blast of cold
             ... on level 10 of the Dungeon.
             The game lasted 00:48:36 (8798 turns).

mcbry74 the Cleaver (Hill Orc Fighter)              Turns: 8798, Time: 00:48:37

Health: -10/82     AC: 16    Str: 22    XL:     11   Next: 59%
Magic:  11/11      EV:  8    Int: 10    God:    Trog [****..]
Gold:   212        SH:  6    Dex: 10    Spells: 10/10 levels left

rFire   + . .      SeeInvis .   a - +2 war axe
rCold   . . .      Faith    .   c - +0 buckler
rNeg    + . .      Spirit   .   K - +2 chain mail {rF+}
rPois   +          Reflect  .   (helmet restricted)
rElec   .          Harm     .   L - +0 cloak
rCorr   .          Rampage  .   (no gloves)
Will    .....                   H - +0 pair of boots
Stlth   ..........              u - amulet of regeneration
HPRegen 1.83/turn               I - ring of positive energy
MPRegen 0.12/turn               J - ring of poison resistance

@: no status effects
A: antennae 1, regeneration 1
a: Renounce Religion, Berserk, Trog's Hand, Brothers in Arms


You were on level 10 of the Dungeon.
You worshipped Trog.
Trog was greatly pleased with you.
You visited 2 branches of the dungeon, and saw 11 of its levels.

You collected 644 gold pieces.
You spent 432 gold pieces at shops.

Inventory:

Hand Weapons
 a - a +2 war axe (weapon)
 d - the +2 mace of Incongruity {venom, rPois rCorr}
   (You found it on level 10 of the Dungeon)

   It poisons the flesh of those it strikes.
   rPois:     It protects you from poison.
   rCorr:     It protects you from acid and corrosion.
 h - a +2 dagger of speed
 i - a +4 spear
 M - a +2 mace of protection
Missiles
 f - 12 boomerangs (quivered)
 w - 82 sling bullets
 B - 28 poisoned darts
Armour
 b - a +0 scale mail
 c - a +0 buckler (worn)
 g - +0 acid dragon scales
 o - a +1 helmet
 G - the +0 leather armour of Acuuk {rC- rCorr Slay+6 Stlth-}
   (You found it on level 6 of the Dungeon)

   Slay:      It affects your accuracy & damage with ranged weapons and melee
   (+6).
   rC:        It makes you vulnerable to cold.
   rCorr:     It protects you from acid and corrosion.
   Stlth:     It makes you less stealthy.
 H - a +0 pair of boots (worn)
 K - a +2 chain mail of fire resistance (worn)
 L - a +0 cloak (worn)
Magical Staves
 m - a staff of fire
Jewellery
 n - a ring of flight
 p - a +6 ring of dexterity
 u - an amulet of regeneration (around neck)
 x - a ring of protection from fire
 I - a ring of positive energy (left hand)
 J - a ring of poison resistance (right hand)
Wands
 D - a wand of flame (11)
Scrolls
 l - 7 scrolls of teleportation
 q - a scroll of immolation
 r - 2 scrolls of fog
 t - a scroll of identify
 v - a scroll of holy word
 y - 2 scrolls of vulnerability
 z - a scroll of magic mapping
Potions
 e - a potion of mutation
 j - 2 potions of brilliance
 k - 3 potions of heal wounds
 s - a potion of flight
 A - a potion of magic {unknown}
 C - a potion of haste
 E - 2 potions of curing


   Skills:
 - Level 3.6 Fighting
 - Level 13.6(14.6) Axes
 * Level 7.4(10.5) Maces & Flails
 + Level 4.4 Throwing
 - Level 9.1 Armour
 - Level 9.1 Shields
 + Level 4.9 Evocations


You had 10 spell levels left.
You didn't know any spells.
Your spell library contained the following spells:

 Spells                   Type           Power      Damage    Failure   Level
 Ozocubu's Armour         Ice            0%         N/A       100%        3
 Metabolic Englaciation   Hex/Ice        0%         N/A       100%        5
 Simulacrum               Ice/Necr       0%         N/A       100%        6


Dungeon Overview and Level Annotations

Branches:
Dungeon (10/15)            Temple (0/1) D:7            Lair (1/6) D:9
    Orc: D:9-12

Altars:
Ashenzari
Cheibriados
Dithmenos
Elyvilon
Gozag
Okawaru
Qazlal
Ru
Trog
Uskayaw
Vehumet
The Shining One

Shops:
D:1 (   D:2 ?   D:8 !:?


Innate Abilities, Weirdness & Mutations

You have a pair of small antennae on your head.
Your natural rate of healing is unusually fast.


Message History

The ice dragon tramples you but does no damage.
You closely miss the ice dragon.
The ice dragon is moderately wounded.
You block the ice dragon's attack. x2; The ice dragon tramples you!
You hold your ground!
You hit the ice dragon.
The ice dragon is moderately wounded.
You hit the ice dragon.
The ice dragon is moderately wounded.
The ice dragon barely misses you. The ice dragon claws you!
You block the ice dragon's attack.
A wight comes into view. It is wielding a +0 hand axe.
You closely miss the ice dragon.
The ice dragon is moderately wounded.
The ice dragon breathes frost at you. The blast of cold hits you!!
A wight comes into view. It is wielding a +3 falchion.
You hit the ice dragon.
The ice dragon is moderately wounded.
You block the ice dragon's attack. The ice dragon barely misses you.
The ice dragon tramples you.
You hold your ground!
You hit the ice dragon.
The ice dragon is moderately wounded.
The ice dragon bites you but does no damage.
You block the ice dragon's attack.
The ice dragon tramples you but does no damage.
You hit the ice dragon.
The ice dragon is moderately wounded.
A wight comes into view. It is wielding a +0 vorpal mace.
You slash the ice dragon!
The ice dragon is heavily wounded.
The ice dragon bites you.
The ice dragon claws you but does no damage.
The ice dragon tramples you but does no damage.
You barely miss the ice dragon.
The ice dragon is heavily wounded.
The ice dragon breathes frost at you. The blast of cold hits you!!!
Ouch! That really hurt!
You die...

.......###..##..#.## ## ##
....)###..##..##.## |##
...##'.†##..##.(.# #).
.....###..##..##.## }" {
.......###..##..#.##.# { {##
.........###..####p#.#.# ###.
....(......###..###.#.### ###...
.............###.#zz.z...###.....
...............#@Dz####..#.......
...............##### ##.......
.........<......# #........
..###...........## ##........ ..#
#............# #......... ###
#............## ##.........
#.............# #...######+
#.............## ##...#
#..............# #....#


You could see an ice dragon (catching breath) and 4 wights.

Vanquished Creatures
  A hydra (D:9)
  The ghost of Garym the Fighter, a novice MiBe of Trog (D:9)
  2 two-headed ogres
  A necromancer (D:10)
  3 komodo dragons (D:9)
  2 hornets
  2 trolls
  2 wraiths (D:10)
  A wyvern (D:7)
  4 yaks (D:10)
  A steam dragon (D:6)
  An acid dragon (D:9)
  3 water moccasins
  2 orc warriors
  A hornet zombie (D:9)
  An ice beast (D:6)
  2 sky beasts
  3 black bears
  2 ogres
  A necrophage (D:6)
  2 centaurs (D:9)
  5 bullfrogs
  2 kobold brigands
  A wyvern zombie (D:7)
  2 gnoll sergeants
  2 scorpions
  3 killer bees (D:6)
  16 wights
  An electric eel (D:8)
  5 howler monkeys
  3 centaur zombies
  5 hounds
  A gnoll shaman (D:4)
  7 orc priests
  Crazy Yiuf (D:7)
  A jelly (D:4)
  Natasha (thrice) (D:2)
  An iguana (D:4)
  3 orc wizards
  A killer bee zombie (D:7)
  3 hound skeletons (D:4)
  A howler monkey zombie (D:9)
  10 gnolls
  10 adders
  A white imp (D:6)
  An ufetubus (D:6)
  An adder skeleton (D:5)
  2 worms
  4 dart slugs
  34 orcs
  5 ball pythons
  4 endoplasms
  A giant cockroach (D:2)
  9 goblins
  5 hobgoblins
  4 quokkas
  5 bats
  A frilled lizard (D:2)
  17 kobolds
  8 rats
227 creatures vanquished.

Vanquished Creatures (others)
  37 fungi (D:9)
  34 plants
71 creatures vanquished.

Grand Total: 298 creatures vanquished

Notes
Turn   | Place    | Note
-------+----------+-------------------------------------------
     0 | D:1      | mcbry74 the Hill Orc Fighter began the quest for the Orb.
     0 | D:1      | Reached XP level 1. HP: 19/19 MP: 1/1
     4 | D:1      | You fall into a shaft and drop 1 floor!
    72 | D:1      | Reached skill level 3 in Axes
   180 | D:1      | Reached XP level 2. HP: 26/26 MP: 2/2
   189 | D:1      | Found Pehuugat's Weapon Shop.
   819 | D:1      | Found a faded altar of an unknown god.
   841 | D:2      | Reached XP level 3. HP: 31/31 MP: 3/3
   908 | D:2      | Found an opulent altar of Gozag.
   937 | D:2      | Reached skill level 4 in Axes
  1161 | D:2      | Found Kiec's Magic Scroll Emporium.
  1176 | D:2      | Bought a scroll of identify for 28 gold pieces
  1199 | D:2      | Bought a scroll of teleportation for 42 gold pieces
  1204 | D:2      | Gained mutation: Your natural rate of healing is unusually
                  | fast. [potion of mutation]
  1204 | D:2      | Gained mutation: You have a pair of small antennae on your
                  | head. [potion of mutation]
  1254 | D:2      | Noticed Natasha
  1258 | D:2      | Killed Natasha
  1259 | D:2      | Reached XP level 4. HP: 29/39 MP: 4/4
  1268 | D:2      | Noticed Natasha
  1292 | D:2      | Killed Natasha
  1523 | D:2      | Noticed Natasha
  1533 | D:2      | Killed Natasha
  1534 | D:2      | Reached skill level 5 in Axes
  1534 | D:2      | Reached XP level 5. HP: 45/45 MP: 5/5
  1571 | D:3      | Found a bloodstained altar of Trog.
  1611 | D:3      | Became a worshipper of Trog the Wrathful
  1744 | D:3      | Found a hide-covered altar of Uskayaw.
  1770 | D:3      | Found a shadowy altar of Dithmenos.
  1867 | D:3      | Identified the +1 leather armour "Oteuno Adin" {+Blink Fly
                  | Will+ Slay-6}
  2468 | D:4      | Found an iron altar of Okawaru.
  2479 | D:4      | Reached XP level 6. HP: 51/51 MP: 6/6
  2511 | D:4      | Noticed a sky beast
  2540 | D:4      | Killed a sky beast
  2541 | D:4      | Reached skill level 6 in Axes
  2620 | D:4      | Reached skill level 5 in Shields
  2734 | D:4      | Noticed a black bear
  2743 | D:4      | Killed a black bear
  2744 | D:4      | Reached skill level 7 in Axes
  2744 | D:4      | Reached skill level 5 in Armour
  2744 | D:4      | Reached XP level 7. HP: 35/57 MP: 7/7
  3145 | D:5      | Entered Level 5 of the Dungeon
  3276 | D:4      | Reached skill level 8 in Axes
  3346 | D:5      | Reached * piety under Trog
  3355 | D:5      | Reached XP level 8. HP: 64/64 MP: 8/8
  3487 | D:5      | Found a sacrificial altar of Ru.
  3695 | D:5      | Reached skill level 9 in Axes
  3965 | D:6      | Found a radiant altar of Vehumet.
  4130 | D:6      | Reached skill level 10 in Axes
  4192 | D:6      | Identified the +0 leather armour of Acuuk {rC- rCorr Slay+6
                  | Stlth-}
  4271 | D:6      | Found a broken altar of Ashenzari.
  4274 | D:6      | Found a white marble altar of Elyvilon.
  4276 | D:6      | Found a snail-covered altar of Cheibriados.
  4356 | D:7      | Reached ** piety under Trog
  4361 | D:7      | Reached XP level 9. HP: 49/70 MP: 9/9
  4543 | D:7      | Noticed a hornet
  4544 | D:7      | Reached skill level 11 in Axes
  4552 | D:7      | Killed a hornet
  4656 | D:7      | Found a staircase to the Ecumenical Temple.
  5180 | D:7      | Found a runed translucent door.
  5181 | D:7      | Noticed Crazy Yiuf
  5187 | D:7      | Killed Crazy Yiuf
  5288 | D:8      | Reached skill level 12 in Axes
  5545 | D:8      | Noticed a hornet
  5559 | D:8      | Killed a hornet
  5560 | D:8      | Reached XP level 10. HP: 72/77 MP: 10/10
  5624 | D:8      | Reached skill level 13 in Axes
  5739 | D:8      | Noticed a two-headed ogre
  5869 | D:8      | Killed a two-headed ogre
  5892 | D:8      | Reached *** piety under Trog
  5968 | D:8      | Found Hoah's Distillery.
  5968 | D:8      | Found Xadugg's Book Shop.
  5968 | D:8      | Found Memnaj's Magic Scroll Boutique.
  5973 | D:8      | Bought a potion of heal wounds for 55 gold pieces
  5973 | D:8      | Bought 2 potions of heal wounds for 110 gold pieces
  5973 | D:8      | Bought a potion of flight for 33 gold pieces
  5977 | D:8      | Bought a scroll of holy word for 112 gold pieces
  5977 | D:8      | Bought a scroll of magic mapping for 52 gold pieces
  6436 | D:9      | Found a staircase to the Lair.
  6508 | D:9      | Reached skill level 1 in Maces & Flails
  6508 | D:9      | Reached skill level 1 in Evocations
  6516 | D:9      | Reached skill level 1 in Throwing
  6597 | D:9      | Found a runed translucent gate.
  6597 | D:9      | Found a runed translucent gate.
  6600 | D:9      | Found a runed translucent gate.
  6601 | D:9      | Noticed Garym's ghost (novice MiBe)
  6605 | D:9      | Noticed a four-headed hydra
  6668 | D:9      | Found a stormy altar of Qazlal.
  7458 | D:9      | Found a glowing golden altar of the Shining One.
  7675 | D:9      | Killed a four-headed hydra
  7676 | D:9      | Reached XP level 11. HP: 35/82 MP: 11/11
  7691 | D:9      | Killed Garym's ghost
  7692 | D:9      | Reached skill level 5 in Maces & Flails
  7784 | Lair:1   | Entered Level 1 of the Lair of Beasts
  8087 | D:10     | Entered Level 10 of the Dungeon
  8089 | D:10     | Identified the +2 mace of Incongruity {venom, rPois rCorr}
  8221 | D:10     | Noticed a two-headed ogre
  8231 | D:10     | Killed a two-headed ogre
  8585 | D:10     | Reached **** piety under Trog
  8721 | D:10     | Noticed a necromancer
  8755 | D:10     | Killed a necromancer
  8781 | D:10     | Noticed an ice dragon
  8798 | D:10     | Killed from afar by an ice dragon

Illustrated notes

Levels and vault maps discovered:
D:1:      lemuel_arrival_cross, layout_loops_ring,
          hellmonk_ecumenical_altar_arch_garden, serial_shops, shop
D:2:      layout_rooms, basic_altar, serial_shops, shop_coins, minmay_ruptured,
          uniq_natasha
D:3:      layout_basic, bloody_trog, nicolae_dithmenos_the_darkroom,
          nicolae_uskayaw_suspiria, roderic_roman_lattice
D:4:      layout_gridville, mainiacjoe_overflow_paths
D:5:      layout_rooms, nicolae_ru_awakened_eye
D:6:      layout_rooms, grunt_temple_overflow_diamond,
          mainiacjoe_overflow_alcove_2, hex_tiny
D:7:      layout_cave_pools, minmay_temple_entry_nine_rooms,
          uniq_crazy_yiuf_cottage
D:8:      layout_basic, nicolae_wooded_promenade
D:9:      layout_stronghold, kennysheep_little_box,
          nicolae_qazlal_scattered_showers, due_lair_maze_entry_diamond,
          gammafunk_ghost_split, patterned_corridor
D:10:     minmay_the_grid_four_pointed_star_mashed
          [minmay_the_grid_triangle_9x9_stretched_checkered,
          minmay_the_grid_triangle_9x9_corrupted_corridor,
          minmay_the_grid_triangle_9x9_descending_squares,
          minmay_the_grid_triangle_9x9_steps,
          minmay_the_grid_prize_diamond_cup], layout_irregular_city,
          general_overflow_altar, grunt_decor_resistance, minmay_misc_feat_doors
Lair:1:   layout_cave_shapes, infiniplex_staircase_pool, lemuel_fruit_fields,
          uniq_nergalle

Skill      XL: |  1  2  3  4  5  6  7  8  9 10 11 |
---------------+----------------------------------+-----
Axes           | 3 4 5 7 8 10 12 13 | 13.6
Armour         | 4 5 6 8 9 |  9.1
Shields        | 4 5 6 8 9 |  9.1
Maces & Flails | 4 7 |  7.4
Evocations     | 3 4 |  4.9
Throwing       | 2 4 |  4.4
Fighting       | |  3.6

Action                   |  1- 3 |  4- 6 |  7- 9 | 10-12 || total
-------------------------+-------+-------+-------+-------++-------
Melee: War axe           |    94 |   115 |   297 |   297 ||   803
       Mace              |       |       |       |     7 ||     7
Throw: Boomerang         |     2 |    14 |    39 |    24 ||    79
       Dart              |       |       |     3 |       ||     3
Invok: Berserk           |       |       |       |     1 ||     1
Evoke: Wand              |       |       |     4 |     1 ||     5
  Use: Scroll            |     4 |     1 |    12 |     2 ||    19
       Potion            |     1 |       |     1 |     2 ||     4
Armor: Scale mail        |    39 |    40 |    50 |       ||   129
       Leather armour    |       |       |    14 |       ||    14
       Chain mail        |       |       |    23 |   179 ||   202
       Skin              |       |       |     6 |       ||     6
Dodge: Dodged            |    36 |    47 |   112 |    97 ||   292
Block: Buckler           |    17 |    16 |    86 |    77 ||   196
